 Dungeon Crawl Stone Soup version 0.28-a0-1447-ga5a8893891 (webtiles) character file.

Game seed: 14850516473704616643

897 oldriver the Skirmisher (level 8, -3/65 HPs)
             Began as a Formicid Chaos Knight on Jan 11, 2022.
             Was a Plaything of Xom.
             Slain by a harpy (10 damage)
             ... on level 5 of the Dungeon.
             The game lasted 00:05:13 (6210 turns).

oldriver the Skirmisher (Formicid Chaos Knight)     Turns: 6210, Time: 00:05:14

Health: -3/65      AC:  4    Str: 16    XL:     8   Next: 28%
Magic:  8/8        EV: 11    Int: 13    God:    Xom [...*..]
Gold:   285        SH:  0    Dex: 16    Spells: 7/7 levels left

rFire   + . .      SeeInvis +   a - +0 hand axe (chaos)
rCold   . . .      Faith    .   (no shield)
rNeg    . . .      Spirit   .   i - +0 scale mail {rF+}
rPois   .          Reflect  .   (helmet unavailable)
rElec   .          Harm     .   (no cloak)
rCorr   .          Rampage  .   (no gloves)
Will    .....                   l - +0 pair of boots
Stlth   ..........              f - amulet of the acrobat
HPRegen 0.20/turn               e - +6 ring of dexterity
MPRegen 0.11/turn               c - ring of flight

@: flying, unable to read
A: permanent stasis, dig shafts and tunnels, antennae 3, four strong arms,
deformed body, weak 1, inability to read while threatened
a: Dig, Shaft Self, Renounce Religion


You were on level 5 of the Dungeon.
You worshipped Xom.
You were a favourite toy of Xom.
You visited 1 branch of the dungeon, and saw 5 of its levels.
You also visited: Ossuary.

You collected 285 gold pieces.

Inventory:

Hand Weapons
 a - a +0 hand axe of chaos (weapon)
 h - a +0 club of freezing
Armour
 i - a +0 scale mail of fire resistance (worn)
 l - a +0 pair of boots (worn)
Jewellery
 c - a ring of flight (right hand)
 e - a +6 ring of dexterity (left hand)
 f - an amulet of the acrobat (around neck)
Wands
 b - a wand of acid (8)
Scrolls
 d - 5 scrolls of identify
Potions
 g - a potion of degeneration {unknown}
 j - a potion of lignification {unknown}
 k - 2 potions of mutation {unknown}
 m - 3 potions of might {unknown}
 p - a potion of attraction {unknown}
 r - a potion of heal wounds {unknown}
 s - 2 potions of invisibility {unknown}
 t - 2 potions of brilliance {unknown}
 u - a potion of curing {unknown}
 w - 2 potions of berserk rage {unknown}
 x - a potion of flight {unknown}


   Skills:
 + Level 6.5 Fighting
 + Level 5.9 Axes
 - Level 2.1 Armour
 + Level 4.6 Dodging


You had 7 spell levels left.
You didn't know any spells.
Your spell library contained the following spells:

 Spells                   Type           Power      Damage    Failure   Level
 Lesser Beckoning         Tloc           0%         N/A       98%         3
 Manifold Assault         Tloc           0%         N/A       100%        5
 Blink                    Tloc           Unusable   N/A       N/A         2

Dungeon Overview and Level Annotations

Branches:
Dungeon (5/15)             Temple (0/1) D:4         Ossuary (visited)

Altars:
Kikubaaqudgha
Xom

Shops:
D:3 (   D:5 =


Innate Abilities, Weirdness & Mutations

You cannot be hasted, slowed, berserked, paralysed or teleported.
You can dig through walls and to a lower floor.
You have a pair of large antennae on your head. (SInv)
Your four strong arms can wield two-handed weapons with a shield.
Armour fits poorly on your strangely shaped body.
You are weak. (Str -2)
You sometimes lose the ability to read scrolls when taking damage.


Message History

The harpy misses you. The harpy closely misses you. The harpy claws you!
The harpy misses you. The harpy completely misses you.
The harpy claws you but does no damage.
You see here 19 arrows.
You slash the harpy! You drain the harpy.
The harpy is moderately wounded.
The harpy claws you!
You feel threatened and lose the ability to read scrolls!
The harpy claws you!
You closely miss the harpy.
The harpy is moderately wounded.
The harpy barely misses you. The harpy claws you! The harpy claws you.
The harpy barely misses you.
You are too injured to fight recklessly!
You are too injured to fight recklessly!
You hit the harpy. You burn the harpy.
The harpy is moderately wounded.
The harpy closely misses you. The harpy claws you but does no damage.
Unknown command.
You hit the harpy.
The harpy is moderately wounded.
You are now a plaything of Xom.
The harpy claws you.
* * * LOW HITPOINT WARNING * * *
The harpy closely misses you.
Unknown command.
You hit the harpy but do no damage.
The harpy easily resists.
The harpy is moderately wounded.
The harpy barely misses you. The harpy closely misses you.
The harpy barely misses you. The harpy misses you.
You barely miss the harpy.
The harpy is moderately wounded.
Xom makes a sudden noise!
You hear someone calling for help!
You are now a favourite toy of Xom.
You hear a shout!
The harpy claws you!
* * * LOW HITPOINT WARNING * * *
The harpy claws you!
You die...
Xom chortles!

#...#.# #....# #...#.#
#....# ####.#.# #....#
#....#.######....#
#..........##....##
##....#####.##.....####
...##.# #.............
##.##.# #..#.#....####.
#.##.# #......@.......
.....# ...#.....H..####
#.#..#.###########.....
.. ... .### . #


You could see a harpy (drained).

Vanquished Creatures
  A black bear (D:5)
  2 sky beasts (D:5)
  A phantom (D:5)
  3 scorpions (D:5)
  A water moccasin skeleton (D:2)
  A human zombie (Ossuary)
  2 centaur zombies (Ossuary)
  2 iguanas
  Terence (D:2)
  2 mummies (Ossuary)
  3 adders
  A white imp (D:4)
  An ufetubus (D:5)
  An adder zombie (Ossuary)
  2 worms (D:2)
  4 dart slugs
  An orc (D:3)
  6 ball pythons
  3 endoplasms
  4 giant cockroaches
  5 goblins
  5 hobgoblins
  2 jackals (D:2)
  3 kobolds
  6 quokkas
  6 bats
  3 frilled lizards
  2 goblin zombies (Ossuary)
  14 hobgoblin zombies (Ossuary)
  4 jackal zombies (Ossuary)
  5 kobold zombies (Ossuary)
  7 orc zombies (Ossuary)
  4 rats
108 creatures vanquished.

Vanquished Creatures (collateral kills)
  A goblin zombie (Ossuary)
1 creature vanquished.

Vanquished Creatures (others)
  A fungus (D:2)
  2 plants (D:2)
3 creatures vanquished.

Grand Total: 112 creatures vanquished

Notes
Turn   | Place    | Note
-------+----------+-------------------------------------------
     0 | D:1      | oldriver the Formicid Chaos Knight began the quest for the
                  | Orb.
     0 | D:1      | Reached XP level 1. HP: 18/18 MP: 1/1
    42 | D:1      | Reached skill level 1 in Dodging
   120 | D:1      | Reached XP level 2. HP: 20/24 MP: 2/2
   401 | D:1      | XOM: divination: magic mapping
   404 | D:1      | Reached XP level 3. HP: 29/30 MP: 3/3
   645 | D:1      | XOM: silly message
  1075 | D:2      | Noticed Terence
  1084 | D:2      | Killed Terence
  1085 | D:2      | Reached skill level 4 in Fighting
  1085 | D:2      | Reached XP level 4. HP: 18/37 MP: 4/4
  1088 | D:2      | XOM: smoke on damage
  1090 | D:2      | Reached XP level 5. HP: 12/43 MP: 5/5
  1423 | D:2      | Found a faded altar of an unknown god.
  1533 | D:2      | XOM: give mutations
  1533 | D:2      | Gained mutation: You are frail. (-10% HP) [Xom's mischief]
  1533 | D:2      | Gained mutation: You are weak. (Str -2) [Xom's mischief]
  1686 | D:2      | XOM: scenery: create altars
  1697 | D:2      | XOM: noise
  2083 | D:2      | XOM: god gift: wand of acid (8)
  2091 | D:2      | XOM: god gift: club {god gift}
  2232 | D:3      | Found an ancient bone altar of Kikubaaqudgha.
  2472 | D:3      | XOM: stat loss: -1 Dex (15/16)
  2489 | D:3      | Found Dunoes's Weapon Emporium.
  3229 | D:4      | Found a staircase to the Ecumenical Temple.
  3470 | D:4      | Reached XP level 6. HP: 31/44 MP: 6/6
  4011 | D:5      | Entered Level 5 of the Dungeon
  4018 | D:5      | Found a sand-covered staircase.
  4085 | D:5      | Reached skill level 5 in Fighting
  4097 | Ossuary  | Entered an ossuary
  4152 | Ossuary  | XOM: cleaving
  4343 | Ossuary  | XOM: summons 6 friendly demons
  4354 | Ossuary  | Reached XP level 7. HP: 29/50 MP: 7/7
  4548 | D:5      | XOM: give mutations
  4548 | D:5      | Lost mutation: You are frail. (-10% HP) [Xom's mischief]
  4548 | D:5      | Gained mutation: You are clumsy. (Dex -2) [Xom's mischief]
  4700 | D:5      | XOM: butterfly on damage
  4707 | D:5      | Reached skill level 5 in Axes
  4984 | D:5      | XOM: cast spell 'Monstrous Menagerie'
  5076 | D:5      | Found Fofupol's Jewellery Shop.
  5076 | D:5      | XOM: god gift: fuming cyan potion {god gift}
  5256 | D:5      | XOM: god gift: 20 gold pieces
  5567 | D:5      | XOM: torment (27/57 hp)
  5748 | D:5      | XOM: stat loss: -1 Dex (13/14)
  5778 | D:5      | Reached skill level 6 in Fighting
  5824 | D:5      | XOM: swap monsters
  5827 | D:5      | Reached XP level 8. HP: 64/64 MP: 8/8
  5914 | D:5      | XOM: give mutations
  5914 | D:5      | Gained mutation: Armour fits poorly on your strangely
                  | shaped body. [Xom's mischief]
  5914 | D:5      | Gained mutation: You sometimes lose the ability to read
                  | scrolls when taking damage. [Xom's mischief]
  5914 | D:5      | Lost mutation: You are clumsy. (Dex -2) [Xom's mischief]
  6198 | D:5      | XOM: polymorph sky beast -> golden eye
  6201 | D:5      | Noticed a harpy
  6201 | D:5      | a golden eye changed into a harpy
  6201 | D:5      | XOM: polymorph golden eye -> harpy
  6210 | D:5      | XOM: noise
  6210 | D:5      | Slain by a harpy

Illustrated notes

Levels and vault maps discovered:
D:1:      minmay_arrival_wavy_path, layout_rooms, hangedman_decor_peaks_small
D:2:      layout_basic, shapermc_ecumenical_altar_mp_ritualfount, uniq_terence
D:3:      layout_basic, mainiacjoe_overflow_paths, serial_shops, shop
D:4:      layout_loops_ring, minmay_temple_entry_wispy, hangedman_glass_garden
D:5:      layout_basic, serial_shops, shop,
          nicolae_ossuary_entry_false_entrances

Skill      XL: |  1  2  3  4  5  6  7 |
---------------+----------------------+-----
Dodging        | 1 2 3 4 |  4.6
Fighting       | 4 5 6 |  6.5
Axes           | 4 5 |  5.9
Armour         | |  2.1

Action                   |  1- 3 |  4- 6 |  7- 9 || total
-------------------------+-------+-------+-------++-------
Melee: Hand axe          |    80 |   179 |    77 ||   336
       Punch             |     1 |     3 |       ||     4
  Use: Scroll            |     2 |     1 |     6 ||     9
 Stab: Confused          |       |     2 |       ||     2
       Paralysed         |       |       |     1 ||     1
Armor: Leather armour    |    32 |     5 |       ||    37
       Scale mail        |       |    54 |    28 ||    82
Dodge: Dodged            |    53 |   119 |    70 ||   242

Table legend: (Time is in decaauts)
 A = Elapsed time spent in this place.
 B = Non-inter-level travel time spent in this place.
 C = Inter-level travel time spent in this place.
 D = Time resting spent in this place.
 E = Time spent auto-exploring this place.
 F = Levels seen in this place.
 G = Mean time per level.
                   A        B        C        D        E       F      G
               +--------+--------+--------+--------+--------+-----+--------+
         Total |   6237 |   5960 |    277 |    465 |   4510 |   6 | 1039.5 |
       Dungeon |   5788 |   5511 |    277 |    465 |   4291 |   5 | 1157.6 |
       Ossuary |    449 |    449 |      0 |      0 |    219 |   1 |  449.0 |
               +--------+--------+--------+--------+--------+-----+--------+

Top non-repeatable levels by time:
     D:5: 1759 daAuts
     D:2: 1446 daAuts
     D:3: 1026 daAuts
     D:4: 884 daAuts
     D:1: 671 daAuts
 Ossuary: 449 daAuts
